Jinnie, neutral female human Valkyrie ------ |.....########`------ ############# #.....| #|....| #---------- #|....| #-.....# #..........### #|....+#########|....|# ###|.------.| # #------ #|....|# # #|.| |.| ### ------- ### #------# ## |.| |.| # |@....| # ##^##########)### |.------.| ### |d....| # # # |........| # |.....| # ---------- ##......| ----.-# ------- |....|# |....|# ....<.# |....| |....| ------ Jinnie the Fighter Experience level: 6 Strength: 17 Dexterity: 15 Constitution: 16 Intelligence: 9 Wisdom: 11 Charisma: 8 Health: 0(43) Energy: 17(17) Def: 7 Gold: 1255 Moves: 2711 Dungeon seed: _y_QMvOAv2HQ3yAa Game ID: Jinnie_1588174010 Your Inventory: Coins $ - 1255 gold pieces Weapons a - a blessed +1 silver spear (weapon in hand) b - an uncursed +0 dagger l - an uncursed +0 scimitar m - 14 uncursed +0 darts I - 14 uncursed +1 crossbow bolts Armor e - an uncursed +3 small shield (being worn) q - an uncursed +0 orcish helm (being worn) K - an uncursed +0 pair of iron shoes (being worn) Y - an uncursed +0 dwarvish cloak (being worn) Spellbooks v - an uncursed spellbook of force bolt Potions G - an uncursed potion of gain level Rings t - an uncursed ring of fire resistance H - an uncursed ring of protection from shape changers Wands c - an uncursed wand of cold (0:4) r - an uncursed wand of enlightenment (0:15) A - an uncursed wand of make invisible (0:4) C - an uncursed wand of enlightenment (0:13) M - an uncursed wand of undead turning (0:4) Tools f - an uncursed oil lamp (0:1319) h - an uncursed blindfold Gems n - an uncursed worthless piece of yellow glass y - an uncursed worthless piece of yellowish brown glass z - an uncursed worthless piece of violet glass N - 2 uncursed worthless pieces of green glass Spells and supernatural/magical abilities: Name Level Category Fail Memory W - pray for help -- divine ? -- Your skills at the end: Miscellaneous Skills shield [Basic] wands [Basic] Weapon Skills dagger [Basic] spear [Basic] Spellcasting Skills Final Attributes: You were devoutly aligned. You were cold resistant. You were very stealthy. You could fly. You are dead. Vanquished creatures: a lizard a gnome mummy 3 bugbears a Mordor orc a rock mole a fog cloud a kitten a dwarf 3 iguanas a hill orc a rothe a jitterbug a giant bat 3 orc zombies 3 coyotes an acid blob 2 large kobolds 6 geckos 6 hobgoblins 2 giant rats a red mold 2 gnomes 5 manes 5 jackals a fox 4 newts 5 goblins a sewer rat 9 grid bugs 3 bats a lichen 77 creatures vanquished. Voluntary challenges: You did not adorn yourself with jewelry or accessories. You did not cause conflict. You were not invisible. You did not have reflection. You were not displaced. You had been an atheist until turn 2683. You used a wielded weapon 94 times, starting on turn 12. You did not use tools. You did not use plumbed fixtures. You read items or engraved 5 times, starting on turn 893. You never genocided any monsters. You never polymorphed an object. You changed form 1 time, starting on turn 858. You used no wishes. You never split a pudding. You never wrote Elbereth's name. You never violated your personal moral code. Dungeon overview: The Dungeons of Doom: levels 1 to 9 Level 1 a long staircase Level 2 Level 3 some fountains Level 4 a fountain a long staircase Level 5 Level 6 a delicatessen Level 7 a fountain, a throne Level 8 <- You were here Level 9 History has recorded: On T:1 you entered the Dungeons of Doom to retrieve the Amulet of Yendor! On T:404 you reached level 2 of The Dungeons of Doom. On T:618 you reached level 3 of The Dungeons of Doom. On T:642 you advanced to experience level 2. On T:845 you advanced to experience level 3. On T:874 you reached level 4 of The Dungeons of Doom. On T:1381 you advanced to experience level 4. On T:1457 you reached level 5 of The Dungeons of Doom. On T:1502 you reached level 6 of The Dungeons of Doom. On T:1730 you reached level 7 of The Dungeons of Doom. On T:1783 you advanced to experience level 5. On T:2298 you reached level 8 of The Dungeons of Doom. On T:2439 you advanced to experience level 6. On T:2583 you reached level 9 of The Dungeons of Doom. On T:2683 you prayed to Odin. Score breakdown: Gold: 1255 ( 125 points) Experience: 6 levels ( 500 points) Exploration: 9 levels ( 240 points) Discoveries: 17 items ( 850 points) Variety of kills: 31 monsters ( 1550 points) Major goal: (nothing yet) ( 0 points) Survival: died (score multiplied by 3) Total score: 9795 Latest messages: The blast of frost hits you! You don't feel cold. Suddenly, the winter wolf cub disappears out of sight. The dingo bites! (2x) You jab the dingo! Suddenly, the winter wolf cub disappears out of sight. The winter wolf cub bites! The dingo bites! (2x) Valkyrie needs food, badly! You faint from lack of food. You come to. You begin praying to Odin. You are surrounded by a shimmering light. You feel that Odin is well-pleased. Your stomach feels content. You fly down along the stairs. The winter wolf cub bites! The dingo bites! (2x) You hear a jackal howling at the moon. The werejackal bites! (5x) You die... Final status: Farvel Jinnie the Valkyrie, killed by a werejackal... You died in The Dungeons of Doom on dungeon level 8 with 9795 points, and 1255 pieces of gold, after 2711 moves. You were level 6 with a maximum of 43 hit points when you died.